Map: Rhoskallian LE

Players

THEDOCTOR - Winner!

  • Race: Protoss Protoss
  • League: Platinum
  • Spawn Location: 5:00

ASWD - Winner!

  • Race: Terran Terran
  • Spawn Location: 6:00

qqq

  • Race: Zerg Zerg
  • Spawn Location: 12:00

Massa

  • Race: Terran Terran
  • League: Platinum
  • Spawn Location: 11:00

VOD

Have the link to the VOD?

Description

Time

  • Played on: Oct. 3, 2020, 4:32 p.m.
  • Length: 19:35
Show
View Real Time Build Order
Export as new Build Order

THEDOCTOR Protoss - Winner!

Build Orders: Carriers 

Get SALT Encoding   

  12  0:04  Probe  
  13  0:18  Probe (Chrono Boost)  
  13  0:20  Pylon  
  15  0:28  Probe (Chrono Boost)  
  15  0:38  Probe  
  16  0:50  Probe  
  17  1:02  Probe (Chrono Boost)  
  18  1:10  Nexus  
  19  1:12  Probe (Chrono Boost)  
  19  1:25  Gateway  
  19  1:28  Pylon  
  19  1:32  Probe  
  20  1:37  Pylon  
  20  1:42  Assimilator  
  20  1:44  Probe  
  21  1:52  Assimilator  
  21  1:56  Probe  
  22  2:15  Cybernetics Core  
  22  2:18  Forge  
  22  2:28  Probe (Chrono Boost)  
  23  2:33  Probe (Chrono Boost)  
  23  2:36  Probe (Chrono Boost)  
  25  2:42  Probe (Chrono Boost)  
  25  2:43  Probe (Chrono Boost)  
  27  2:48  Assimilator  
  27  2:49  Probe x2  
  29  3:01  Probe (Chrono Boost)  
  29  3:03  Probe (Chrono Boost), Photon Cannon  
  31  3:13  Probe (Chrono Boost)  
  31  3:18  Stargate  
  33  3:20  Probe (Chrono Boost)  
  33  3:21  Probe (Chrono Boost)  
  33  3:26  Probe (Chrono Boost)  
  33  3:27  Stargate  
  35  3:31  Probe (Chrono Boost)  
  36  3:35  Assimilator  
  36  3:38  Probe (Chrono Boost)  
  37  3:43  Probe (Chrono Boost)  
  37  3:45  Probe (Chrono Boost)  
  39  3:52  Probe  
  39  3:54  Probe  
  41  3:56  Void Ray  
  45  4:04  Protoss Air Weapons Level 1  
  45  4:05  Probe (Chrono Boost)  
  45  4:07  Probe (Chrono Boost)  
  45  4:09  Void Ray, Pylon  
  51  4:19  Probe (Chrono Boost)  
  53  4:26  Probe x2 (Chrono Boost)  
  54  4:33  Void Ray  
  54  4:36  Probe (Chrono Boost)  
  56  4:38  Probe (Chrono Boost)  
  56  4:41  Probe (Chrono Boost)  
  56  4:42  Stargate  
  56  4:45  Probe  
  62  5:07  Pylon  
  62  5:09  Pylon  
  62  5:19  Void Ray  
  62  5:21  Void Ray  
  62  5:22  Void Ray  
  62  5:25  Probe (Chrono Boost)  
  62  5:26  Probe (Chrono Boost), Pylon  
  62  5:28  Pylon  
  77  5:37  Probe (Chrono Boost)  
  77  5:38  Probe (Chrono Boost)  
  78  5:44  Probe x2 (Chrono Boost)  
  80  5:50  Fleet Beacon  
  80  5:51  Probe x2  
  80  5:55  Protoss Shields Level 1  
  82  6:03  Probe x2  
  84  6:04  Void Ray  
  88  6:40  Protoss Air Armor Level 1  
  88  7:10  Carrier  
  94  7:34  Pylon  
  94  7:35  Pylon  
  94  7:37  Pylon  
  94  7:38  Flux Vanes  
  94  7:39  Pylon  
  94  7:42  Nexus  
  94  7:45  Assimilator  
  94  7:46  Void Ray  
  94  7:47  Cybernetics Core  
  94  7:49  Twilight Council, Assimilator  
  94  7:54  Carrier  
  104  8:01  Photon Cannon  
  104  8:03  Photon Cannon  
  104  8:04  Photon Cannon  
  104  8:06  Photon Cannon  
  104  8:08  Probe (Chrono Boost), Shield Battery  
  104  8:11  Shield Battery  
  104  8:12  Shield Battery  
  105  8:13  Shield Battery  
  105  8:15  Photon Cannon  
  105  8:18  Probe (Chrono Boost)  
  105  8:19  Photon Cannon  
  112  8:20  Carrier  
  112  8:23  Probe (Chrono Boost)  
  113  8:34  Probe  
  114  8:46  Probe  
  115  8:51  Protoss Air Weapons Level 2  
  115  9:36  Void Ray  
  115  9:37  Void Ray x2  
  127  9:49  Stargate  
  127  9:50  Stargate  
  127  10:13  Void Ray  
  109  11:20  Void Ray x2  
  109  11:21  Void Ray  
  101  11:53  Void Ray  
  101  11:54  Void Ray  
  96  11:57  Void Ray  
  96  11:58  Void Ray  
  100  12:32  Carrier  
  118  12:37  Carrier x2  
  118  13:00  Void Ray x2  
  117  13:11  Protoss Shields Level 2  
  125  13:25  Protoss Air Armor Level 2  
  125  13:30  Void Ray  
  125  13:31  Protoss Air Weapons Level 3  
  125  13:35  Void Ray x2  
  137  14:01  Carrier  
  137  14:02  Carrier  
  121  14:12  Void Ray x2  
  121  14:13  Carrier  
  119  14:49  Void Ray  
  123  15:02  Nexus  
  123  15:05  Assimilator  
  123  15:09  Assimilator  
  93  15:26  Carrier x4  
  117  15:55  Carrier  
  123  16:30  Carrier  
  123  16:43  Carrier x3  
  125  17:27  Carrier  
  121  17:34  Carrier  
Show
View Real Time Build Order
Export as new Build Order

ASWD Terran - Winner!

Build Orders:  

Get SALT Encoding   

  12  0:02  SCV  
  13  0:14  SCV  
  14  0:24  Supply Depot  
  14  0:26  SCV  
  15  0:42  Refinery  
  15  0:45  SCV  
  15  0:47  Barracks  
  16  0:57  SCV  
  17  1:09  SCV  
  18  1:22  SCV  
  19  1:34  SCV  
  19  1:38  Supply Depot  
  20  1:43  Reaper  
  20  1:46  Command Center  
  21  1:56  Orbital Command  
  21  2:27  Factory  
  21  2:28  SCV  
  22  2:31  Refinery  
  22  2:41  SCV  
  22  2:42  Barracks Reactor  
  23  3:12  Starport, Factory Tech Lab  
  23  3:14  Orbital Command  
  23  3:16  SCV  
  23  3:18  Refinery  
  23  3:19  Marine  
  24  3:20  Marine  
  26  3:28  SCV  
  27  3:36  Siege Tank  
  27  3:37  Marine x2  
  32  3:52  Barracks  
  32  3:54  SCV, Barracks  
  32  3:55  Marine x2  
  34  3:58  SCV  
  34  4:00  Starport Reactor  
  36  4:06  SCV  
  37  4:10  SCV  
  38  4:24  Marine x2  
  38  4:26  Siege Tank  
  43  4:36  Bunker  
  43  4:40  Medivac  
  43  4:42  Marine  
  43  4:44  Supply Depot  
  46  4:47  Supply Depot  
  46  4:55  Barracks Reactor, Barracks Tech Lab  
  46  5:04  Barracks Reactor  
  46  5:05  SCV x2, Medivac  
  50  5:17  SCV x2  
  50  5:19  Widow Mine  
  50  5:20  Widow Mine  
  56  5:26  Stimpack  
  56  5:30  SCV x2  
  56  5:31  Marine x2  
  56  5:32  Marine  
  61  5:40  Marine  
  62  5:48  SCV x2, Marine  
  62  5:49  Widow Mine x2, Marine  
  70  5:52  Supply Depot  
  70  5:53  Supply Depot  
  70  6:04  Engineering Bay x2  
  70  6:14  SCV x2, Marine x5  
  77  6:21  Widow Mine x2  
  81  6:31  Marine  
  81  6:39  Marine x2  
  82  6:40  Marine x2  
  85  6:49  Marine  
  85  6:50  Terran Infantry Weapons Level 1  
  85  6:51  Terran Infantry Armor Level 1, Medivac x2  
  86  7:20  Armory  
  86  7:27  Refinery, Combat Shield  
  86  7:42  Supply Depot  
  86  7:43  Supply Depot  
  86  7:45  Supply Depot  
  86  8:03  Widow Mine x2, Marine x4  
  86  8:04  Marine  
  95  8:21  Marine x4  
  95  8:22  Marine  
  95  8:24  Sensor Tower  
  95  8:25  Widow Mine x2, Terran Vehicle Weapons Level 1  
  104  8:32  Command Center  
  104  8:38  Marine x3  
  105  8:56  Marine  
  105  8:57  Marine x4  
  110  9:11  Sensor Tower  
  110  9:12  Barracks  
  110  9:14  Barracks  
  110  9:21  Marine  
  110  9:23  Marine x3  
  110  9:24  Marine  
  109  9:38  Widow Mine  
  109  9:39  Marine  
  109  9:43  Marine x4  
  109  9:44  Widow Mine  
  116  9:47  Terran Infantry Armor Level 2, Terran Infantry Weapons Level 2  
  116  9:52  Concussive Shells  
  116  9:57  Marine  
  119  10:00  Widow Mine  
  119  10:01  Marine x4  
  119  10:05  Widow Mine  
  125  10:15  Marine  
  120  10:36  Barracks Reactor  
  120  10:37  Barracks Reactor  
  118  10:57  Missile Turret, Medivac x2  
  118  11:00  Missile Turret  
  122  11:05  Supply Depot  
  122  11:06  Supply Depot  
  122  11:07  SCV  
  122  11:08  SCV, Supply Depot  
  122  11:09  Supply Depot  
  122  11:10  Planetary Fortress, Supply Depot  
  124  11:20  SCV  
  124  11:21  Missile Turret  
  125  11:27  SCV, Medivac x2  
  125  11:32  SCV  
  131  11:39  SCV  
  130  11:44  SCV  
  129  11:51  SCV  
  130  11:56  SCV  
  130  11:57  Marine  
  130  11:58  Marine x8  
  140  12:03  Refinery, SCV  
  140  12:05  Refinery  
  139  12:15  Marine  
  139  12:16  Marine x7  
  148  12:33  Marine  
  148  12:34  Marine x5  
  148  12:36  Medivac x2  
  157  12:41  Terran Infantry Weapons Level 3  
  157  12:42  Terran Infantry Armor Level 3  
  157  12:46  Supply Depot  
  157  12:47  Supply Depot x2  
  156  13:06  Medivac x2  
  159  13:20  Marine  
  159  13:21  Marine x9  
  169  13:38  Marine  
  169  13:39  Marine x9  
  169  13:41  Drilling Claws  
  179  13:56  Marine  
  179  13:57  Marine  
  181  14:07  Marine x6  
  181  14:08  Marine x2  
  189  15:02  Marine x5  
  189  15:03  Marine x2  
  189  15:07  Marine  
  189  15:08  Marine x2  
  172  15:20  Marine x3  
  172  15:21  Marine  
  148  15:25  Marine  
  122  15:51  Barracks, Missile Turret  
  122  15:53  Barracks  
  122  15:55  Barracks  
  122  16:02  Terran Vehicle Weapons Level 2  
  122  16:05  Hi-Sec Auto Tracking  
  122  16:18  Medivac x2  
  125  16:35  Missile Turret  
  121  16:48  Medivac x2  
  125  16:54  Missile Turret  
  125  16:58  Barracks Tech Lab x2  
  125  16:59  Barracks Tech Lab  
  125  17:05  Missile Turret  
  125  17:07  Command Center  
  125  17:08  Sensor Tower  
  125  17:18  Medivac x2  
  125  17:27  Marauder  
  125  17:28  Marauder x2  
  125  17:29  Marine x4  
  130  17:30  Marine x6  
  135  17:47  Marine x7  
  135  17:48  Marine x3  
  135  17:49  Marauder x3  
  149  18:04  Marine  
  149  18:05  Marine x7  
  150  18:10  Marauder  
  150  18:11  Marauder x2  
  163  18:32  Marauder x3  
  169  18:39  Command Center  
  169  18:53  Marauder  
  169  18:54  Marauder x2  
  169  19:07  Missile Turret  
  169  19:11  Missile Turret  
  169  19:12  Missile Turret  
Show
View Real Time Build Order
Export as new Build Order

qqq Zerg 

Build Orders: Hatch First, Swarm Host 

Get SALT Encoding   

  12  0:05  Drone  
  13  0:08  Drone  
  14  0:36  Hatchery  
  14  0:50  Drone  
  14  0:55  Spawning Pool  
  13  1:09  Overlord  
  13  1:10  Drone  
  14  1:23  Extractor  
  14  1:24  Drone  
  14  1:33  Drone x2  
  16  1:44  Drone, Queen  
  19  1:49  Drone  
  20  1:59  Drone  
  20  2:01  Drone  
  22  2:12  Zergling x2  
  22  2:14  Drone  
  24  2:24  Queen  
  24  2:25  Drone  
  26  2:30  Zergling x2  
  26  2:32  Drone  
  28  2:39  Overlord  
  28  2:40  Overlord  
  28  2:49  Metabolic Boost  
  28  2:59  Drone  
  28  3:00  Zergling x4  
  31  3:11  Zergling x6  
  31  3:12  Drone x2  
  36  3:13  Drone  
  37  3:29  Drone, Zergling x2  
  39  3:35  Drone  
  39  3:37  Drone  
  41  3:44  Evolution Chamber  
  41  3:45  Drone  
  41  3:50  Drone  
  42  3:58  Drone  
  42  3:59  Zergling x2  
  42  4:01  Hatchery  
  43  4:07  Zergling x2  
  44  4:10  Zerg Melee Weapons Level 1  
  44  4:20  Overlord  
  44  4:21  Overlord  
  44  4:22  Overlord  
  44  4:42  Drone x3  
  44  4:45  Drone  
  48  4:46  Zergling x2  
  48  4:49  Lair  
  48  4:51  Hatchery  
  48  4:55  Drone x3  
  48  4:56  Zergling x2  
  52  5:02  Drone  
  52  5:04  Roach Warren  
  52  5:06  Drone  
  54  5:14  Drone x2  
  54  5:15  Zergling x6  
  58  5:26  Drone x2  
  58  5:27  Drone  
  61  5:30  Drone x2  
  61  5:32  Zergling x2  
  61  5:33  Zergling x2  
  65  5:39  Drone  
  65  5:42  Extractor, Overlord  
  65  5:43  Overlord  
  65  5:47  Overlord  
  65  5:48  Drone  
  66  5:51  Hatchery  
  65  5:57  Drone  
  65  5:58  Infestation Pit  
  65  6:00  Drone x3  
  65  6:01  Drone x2  
  65  6:02  Drone  
  65  6:03  Extractor  
  65  6:04  Extractor, Drone, Zerg Ground Armor Level 1  
  70  6:07  Zergling x2  
  71  6:31  Drone x3  
  74  6:36  Hive  
  74  6:37  Drone x5  
  74  6:38  Drone x2  
  81  6:42  Drone  
  81  6:44  Zergling x2  
  81  6:45  Drone, Zergling x4  
  86  6:52  Swarm Host  
  89  6:55  Drone x2, Nydus Network  
  90  7:08  Swarm Host x2  
  90  7:09  Zergling x4  
  90  7:11  Drone, Overlord x3  
  90  7:12  Overlord  
  99  7:16  Spore Crawler  
  99  7:19  Hatchery, Spore Crawler  
  99  7:20  Spore Crawler  
  99  7:21  Drone x3  
  99  7:22  Spore Crawler  
  97  7:24  Swarm Host  
  97  7:27  Overlord x2  
  100  7:36  Pneumatized Carapace  
  100  7:37  Overseer  
  100  7:40  Swarm Host  
  100  7:41  Swarm Host  
  100  7:42  Zergling x4  
  100  7:43  Drone x2, Zergling x2  
  100  7:44  Drone x4  
  114  7:47  Extractor  
  114  7:48  Extractor  
  113  7:58  Zergling x4  
  113  7:59  Zergling x4  
  117  8:11  Nydus Canal  
  117  8:13  Drone x6  
  117  8:14  Drone, Overlord x2  
  117  8:15  Swarm Host  
  117  8:16  Viper  
  130  8:35  Swarm Host x3  
  139  8:46  Extractor x2, Drone x5  
  139  8:47  Drone x6  
  147  8:49  Extractor  
  147  8:50  Extractor  
  147  8:55  Drone  
  136  9:00  Nydus Canal  
  96  9:33  Drone x4  
  96  9:34  Drone  
  96  9:38  Hydralisk Den  
  100  9:39  Drone x2, Ultralisk Cavern  
  100  9:40  Drone x2  
  103  9:56  Drone x6  
  103  9:58  Viper x3  
  115  10:02  Hatchery  
  115  10:03  Hatchery  
  105  10:09  Hydralisk x3  
  105  10:10  Hydralisk  
  105  10:11  Zergling x8  
  105  10:12  Zergling x4  
  105  10:13  Drone x2  
  119  10:14  Hatchery  
  118  10:28  Viper  
  118  10:29  Zergling x2  
  118  10:30  Drone x2, Zergling x2  
  118  10:31  Drone x2  
  127  10:45  Spore Crawler  
  127  10:46  Spore Crawler x2  
  124  10:54  Queen  
  113  11:00  Zerg Missile Weapons Level 1  
  113  11:04  Nydus Canal  
  100  11:11  Drone x3  
  100  11:12  Drone x3  
  100  11:13  Hydralisk x4  
  108  11:26  Hydralisk x3  
  113  11:36  Overlord x2  
  113  11:53  Overlord  
  113  12:03  Anabolic Synthesis  
  113  12:06  Overlord  
  113  12:11  Drone x2  
  99  12:19  Ultralisk  
  99  12:20  Drone x2  
  99  12:21  Drone x4  
  111  12:25  Extractor  
  111  12:26  Extractor  
  111  12:27  Spore Crawler  
  111  12:28  Drone, Spine Crawler x2  
  107  12:39  Viper  
  107  12:40  Hydralisk x2  
  114  12:45  Chitinous Plating  
  114  12:46  Hatchery  
  113  12:53  Zerg Ground Armor Level 2  
  113  12:55  Hatchery  
  112  13:05  Hydralisk x3  
  114  13:08  Hatchery  
  117  13:20  Hydralisk  
  117  13:22  Overlord x2  
  117  13:23  Overlord x4  
  117  13:24  Overlord x2  
  119  13:30  Hatchery  
  114  13:57  Hatchery  
  107  14:06  Hydralisk x3  
  107  14:07  Hatchery  
  107  14:08  Ultralisk x2  
  107  14:09  Zergling x8  
  103  14:22  Drone x3  
  106  14:30  Drone x2  
  108  14:36  Hatchery  
  107  14:43  Hatchery  
  84  14:45  Ultralisk  
  84  14:46  Zergling x4  
  84  14:47  Drone x3  
  84  14:48  Drone  
  72  15:16  Ultralisk  
  72  15:18  Drone x7  
  72  15:19  Drone x2  
  81  15:39  Drone  
  81  15:40  Drone x5  
  87  15:45  Extractor  
  80  16:03  Hydralisk Den  
  72  16:04  Spawning Pool  
  72  16:07  Drone x3  
  72  16:08  Infestation Pit  
  72  16:09  Drone  
  51  16:18  Viper  
  51  16:19  Viper  
  51  16:21  Drone  
  51  16:22  Drone x6  
  51  16:23  Drone x4  
  61  16:38  Hydralisk x2  
  64  16:40  Drone x2  
  58  16:56  Overseer  
  52  17:44  Zergling x4, Ultralisk  
  59  17:45  Drone x5  
  59  17:46  Drone x4  
  69  17:58  Drone  
  69  17:59  Drone x2, Viper  
  65  18:44  Drone x4  
  65  18:45  Drone x2  
  69  18:51  Hatchery  
  54  18:57  Zergling x6  
  54  18:58  Drone  
  58  19:03  Hatchery  
Show
View Real Time Build Order
Export as new Build Order

Massa Terran 

Build Orders: Reaper Expand 

Get SALT Encoding   

  12  0:00  SCV  
  13  0:12  SCV  
  14  0:22  Supply Depot  
  14  0:24  SCV  
  15  0:44  SCV  
  15  0:46  Barracks  
  15  0:49  Refinery  
  16  0:56  SCV  
  17  1:08  SCV  
  18  1:20  SCV  
  19  1:33  Orbital Command  
  19  1:35  Reaper  
  20  1:44  Command Center  
  20  1:59  SCV  
  21  2:07  Marine  
  22  2:22  Factory  
  22  2:28  Barracks Reactor  
  22  2:30  Supply Depot  
  22  2:38  SCV  
  23  2:52  SCV  
  23  2:57  Orbital Command  
  24  3:01  Command Center  
  24  3:04  SCV  
  25  3:16  SCV  
  26  3:24  Barracks Tech Lab  
  26  3:33  SCV x2  
  26  3:34  Starport  
  28  3:43  Marauder  
  28  3:44  Hellion x2  
  28  3:45  SCV x2  
  36  4:03  Refinery  
  36  4:04  Stimpack  
  36  4:06  Hellion  
  38  4:11  Hellion  
  38  4:12  SCV x2  
  42  4:17  Orbital Command  
  42  4:24  SCV x2  
  42  4:27  Hellion  
  42  4:28  Marauder  
  48  4:32  Hellion  
  48  4:34  Refinery  
  48  4:36  Refinery  
  50  4:44  SCV x3  
  53  4:49  Widow Mine, Barracks, Marauder  
  57  4:53  Widow Mine  
  57  4:56  SCV x2  
  61  5:06  Engineering Bay  
  61  5:08  Supply Depot  
  61  5:23  Orbital Command, Supply Depot  
  61  5:29  Medivac  
  61  5:30  Widow Mine x2, SCV x2  
  69  5:37  Barracks Reactor  
  69  5:44  SCV x2  
  69  5:45  Marauder  
  69  5:47  Factory  
  73  5:51  Widow Mine x2  
  77  6:36  Factory Tech Lab  
  77  6:42  Supply Depot x3  
  75  6:54  Widow Mine  
  75  6:59  Widow Mine  
  75  7:00  Marauder  
  75  7:01  Marine x2  
  77  7:06  Supply Depot  
  77  7:08  Supply Depot  
  77  7:11  Supply Depot  
  77  7:12  Armory  
  77  7:13  Engineering Bay  
  77  7:15  Terran Infantry Weapons Level 1  
  77  7:18  Marine x2  
  77  7:20  Armory  
  77  7:21  Marauder  
  81  7:24  Command Center  
  81  7:30  Barracks  
  81  7:31  Supply Depot  
  81  7:33  Barracks  
  81  7:36  Marine x2  
  83  7:41  SCV  
  83  7:42  SCV x2  
  83  7:43  Marauder  
  88  7:53  SCV  
  88  7:54  Terran Infantry Armor Level 1, Marine x2, SCV x2  
  88  7:55  Starport Reactor  
  93  8:00  Thor  
  93  8:04  Hellion, Marauder  
  103  8:05  SCV, Infernal Pre-Igniter  
  103  8:06  SCV x2  
  103  8:12  Marine x2  
  108  8:17  SCV, Missile Turret  
  108  8:18  SCV x2  
  111  8:20  Missile Turret  
  111  8:23  Missile Turret  
  111  8:25  Marauder, Missile Turret  
  113  8:27  Missile Turret  
  113  8:30  SCV x2  
  113  8:32  Missile Turret  
  115  8:34  Barracks Reactor  
  115  8:35  Barracks Tech Lab  
  115  8:37  Terran Vehicle And Ship Armor Level 1, Terran Vehicle Weapons Level 1  
  115  8:42  Factory  
  115  8:43  Thor  
  121  8:50  SCV  
  121  8:51  SCV x2  
  124  9:03  SCV x2  
  126  9:20  Marauder x2, Marine x2  
  126  9:21  Marine x2  
  134  9:25  Thor  
  140  9:38  Marine x4  
  141  9:41  Marauder  
  141  9:42  Marauder  
  148  10:01  Orbital Command  
  148  10:09  Supply Depot x3  
  148  10:11  Supply Depot  
  148  10:13  SCV, Marine, Supply Depot  
  148  10:14  SCV, Marine x3  
  148  10:15  SCV  
  148  10:16  Marauder x2  
  123  10:25  Thor  
  123  10:26  Factory Tech Lab  
  123  10:27  SCV  
  102  10:31  Marine  
  102  10:32  Marine x3  
  106  10:36  Supply Depot  
  106  10:37  Marauder  
  106  10:38  Refinery, Marauder  
  106  10:39  Refinery  
  106  10:40  Supply Depot  
  110  10:45  Thor  
  110  10:49  Marine x3  
  117  10:50  Marine  
  120  10:59  Marauder x2  
  121  11:07  Marine  
  121  11:08  Thor  
  115  11:16  Viking x2  
  114  11:19  Marine x3  
  114  11:20  Marauder  
  114  11:21  Marauder  
  114  11:24  Marine  
  113  11:29  Widow Mine x2  
  113  11:37  Marine x3  
  113  11:39  Terran Infantry Weapons Level 2  
  113  11:41  Marauder  
  113  11:42  Marauder, Marine  
  113  11:44  Combat Shield  
  113  11:46  Viking x2  
  120  11:50  Widow Mine x2  
  120  11:51  Thor  
  124  11:54  Marine  
  124  11:55  Marine x2  
  124  12:00  Marine  
  124  12:01  SCV x4  
  131  12:02  Marine  
  133  12:13  SCV x4  
  135  12:24  Command Center  
  135  12:25  SCV  
  135  12:29  Thor  
  142  12:33  Thor  
  148  12:38  Marauder x2, Marine  
  148  12:39  Marine x3  
  156  12:47  Barracks x2  
  156  12:50  Barracks  
  156  12:51  Barracks  
  156  12:56  Marine x4  
  158  12:59  Marauder  
  158  13:00  Marauder  
  158  13:02  Medivac x2  
  158  13:03  Missile Turret  
  167  13:05  SCV x2  
  167  13:06  SCV x2  
  167  13:07  Missile Turret  
  170  13:13  Refinery  
  170  13:14  Marine x4  
  170  13:15  Refinery  
  170  13:17  SCV  
  170  13:18  SCV x3  
  176  13:21  Marauder x2  
  176  13:26  Missile Turret  
  180  13:30  SCV, Missile Turret  
  180  13:31  Marine  
  180  13:32  Terran Vehicle And Ship Armor Level 2, Terran Vehicle Weapons Level 2, Marine x3, Medivac x2  
  189  13:42  Marine x2  
  191  13:48  Orbital Command  
  191  13:50  Missile Turret  
  191  13:52  Missile Turret  
  191  13:54  Missile Turret  
  191  13:56  Missile Turret x2  
  191  13:57  Missile Turret x2  
  191  13:58  Missile Turret  
  191  13:59  Marine  
  191  14:00  Marine  
  192  14:13  Missile Turret  
  191  14:19  SCV x3  
  191  14:20  SCV x2  
  191  14:21  Missile Turret  
  191  14:24  Smart Servos  
  196  14:26  Concussive Shells  
  196  14:31  SCV  
  197  14:41  Marauder, Marine  
  140  15:20  Thor  
  140  15:21  Thor  
  116  15:23  Widow Mine x2  
  102  15:28  Terran Infantry Armor Level 2  
  102  15:29  Terran Infantry Weapons Level 3  
  102  15:34  Medivac  
  102  15:35  Medivac  
  105  15:38  Barracks Reactor x2, Barracks Tech Lab x2  
  109  15:42  Marauder  
  109  15:43  Marauder  
  109  15:44  Widow Mine x2, Marine  
  109  15:45  Marine x3  
  109  15:48  Terran Ship Weapons Level 1  
  117  15:51  Refinery  
  117  15:53  Refinery  
  117  16:02  Marine x4  
  117  16:03  Thor x2  
  137  16:04  Marauder x2, Medivac  
  137  16:05  Medivac  
  139  16:20  Marine x4  
  147  16:25  Marauder x2  
  141  16:37  Marine  
  141  16:38  Marine x3  
  127  16:46  Thor x2  
  127  16:47  Marauder x2  
  139  16:49  Factory  
  139  16:55  Factory  
  139  17:08  Marauder x2  
  128  17:17  Marine  
  128  17:18  Marine x9  
  138  17:29  Marine x2, Thor x2  
  147  17:35  Marine x4  
  147  17:36  Marine x6  
  150  17:45  Hi-Sec Auto Tracking  
  150  17:47  Marine x2  
  140  17:53  Marine x4  
  140  17:54  Marine x6  
  150  18:01  Command Center  
  150  18:04  Marine  
  150  18:05  Marine  
  152  18:08  Factory Tech Lab  
  152  18:09  Factory Tech Lab  
  152  18:10  Marine  
  152  18:11  Marine x9  
  152  18:12  Thor x2  
  174  18:22  Marine x2  
  174  18:26  Medivac  
  178  18:28  Marine  
  178  18:29  Marine x6  
  185  18:41  Marauder x2  
  188  19:00  Marauder  
Tags
 
Add a new tag
Caveats
  • Supply blocks, unpowered buildings, or Contaminate may cause inaccurate times.
  • Supply counts are checked every 10 seconds.